[Event "1st SOA-GM Festival 2024"]
[Site "Bhubaneswar"]
[Date "2024.02.04"]
[Round "10.12"]
[White "John Veny Akkarakaran"]
[Black "Ayush Sharma"]
[Result "1-0"]
[ECO "B11"]
[WhiteElo "2112"]
[BlackElo "2378"]
[Annotator "RC"]
[PlyCount "91"]
[EventDate "2024.02.01"]
[EventType "swiss"]
[EventCountry "IND"]
[SourceTitle "playchess.com"]
[Source "ChessBase"]
[SourceQuality "1"]
[TimeControl "5400+30"]

1. e4 c6 2. Nf3 d5 3. Nc3 Bg4 4. h3 Bxf3 5. Qxf3 e6 6. Be2 Nf6 7. O-O Be7 8. d3 O-O 9. g4 Nbd7 10. g5 Ne8 11. h4 f6 12. Qh3 d4 13. Qxe6+ Kh8 14. Nd1 fxg5 15. hxg5 Bxg5 16. f4 Bh6 17. Qh3 Qc7 18. Kg2 c5 19. c4 dxc3 20. Nxc3 Nb6 21. e5 Rd8 22. Be3 Qc6+ 23. Qf3 Nd5 24. Nxd5 Rxd5 25. Qe4 Nc7 26. Rac1 Ne6 27. Kg1 Qd7 28. Bg4 Rd8 29. f5 Bxe3+ 30. Qxe3 Nd4 31. Qe4 Qe7 32. Rce1 Nc6 33. f6 gxf6 34. exf6 Qf8 35. Rf5 Rxd3 36. f7 R3d4 37. Qf3 Rd3 38. Qf4 R3d4 39. Qg5 R4d6 40. Bh5 h6 41. Qh4 Qg7+ 42. Kh1 Rf8 43. Rg1 Qd4 44. Rg8+ Rxg8 45. fxg8=Q+ Kxg8 46. Qg3+ 1-0

[Event "1st SOA-GM Festival 2024"]
[Site "Bhubaneswar"]
[Date "2024.02.04"]
[Round "10.13"]
[White "Rajesh, V A V"]
[Black "Frayna, Janelle Mae"]
[Result "1/2-1/2"]
[ECO "D36"]
[WhiteElo "2331"]
[BlackElo "2197"]
[Annotator "RC"]
[PlyCount "154"]
[EventDate "2024.02.01"]
[EventType "swiss"]
[EventCountry "IND"]
[SourceTitle "playchess.com"]
[Source "ChessBase"]
[SourceQuality "1"]
[TimeControl "5400+30"]

1. d4 Nf6 2. c4 e6 3. Nc3 d5 4. Nf3 a6 5. cxd5 exd5 6. Bg5 Be7 7. e3 O-O 8. Bd3 h6 9. Bh4 c6 10. O-O Nbd7 11. Qc2 Re8 12. Bg3 Nf8 13. a3 Nh5 14. Be5 Bg4 15. Nd2 f6 16. Bg3 Nxg3 17. hxg3 Be6 18. Nf3 Rc8 19. e4 Bf7 20. exd5 cxd5 21. Nh4 Ne6 22. Bh7+ Kh8 23. Bg6 Bxg6 24. Nxg6+ Kg8 25. Rad1 b5 26. Rfe1 Bf8 27. Re3 Ng5 28. Rxe8 Qxe8 29. Qf5 Qe6 30. Qxd5 Qxd5 31. Nxd5 Rc2 32. Re1 Bd6 33. f4 Nf7 34. b4 Rd2 35. Nge7+ Bxe7 36. Nxe7+ Kh7 37. Re6 Rxd4 38. Rxa6 Nd6 39. Ra7 h5 40. Kh2 Rd2 41. Rc7 Ne4 42. Nf5 Nf2 43. Kg1 Ng4 44. Kf1 Kg6 45. Ne7+ Kh6 46. Nf5+ Kg6 47. Ne7+ Kh6 48. Nf5+ Kg6 49. Nh4+ Kh6 50. Rc5 Ra2 51. Rxb5 Rxa3 52. Ke2 g6 53. Rb8 Rxg3 54. b5 Rb3 55. b6 Kg7 56. b7 Nh6 57. Kd2 Nf5 58. Nxf5+ gxf5 59. g3 Rb6 60. Kc3 Rb1 61. Kd4 Rb2 62. Kd5 Rb6 63. Kc5 Rb1 64. Kc6 Rc1+ 65. Kd6 Rd1+ 66. Ke6 Re1+ 67. Kxf5 Rb1 68. Ke6 Re1+ 69. Kd5 Rd1+ 70. Kc4 Rc1+ 71. Kd3 Rb1 72. Kc2 Rb6 73. Kc3 Rb1 74. Kc4 Rc1+ 75. Kd5 Rd1+ 76. Ke6 Re1+ 77. Kf5 Rb1 1/2-1/2

[Event "1st SOA-GM Festival 2024"]
[Site "Bhubaneswar"]
[Date "2024.02.04"]
[Round "10.14"]
[White "Jaiveer Mahendru"]
[Black "Aakash Sharadchandra, Dalvi"]
[Result "1/2-1/2"]
[ECO "B90"]
[WhiteElo "2294"]
[BlackElo "2180"]
[Annotator "RC"]
[PlyCount "105"]
[EventDate "2024.02.01"]
[EventType "swiss"]
[EventCountry "IND"]
[SourceTitle "playchess.com"]
[Source "ChessBase"]
[SourceQuality "1"]
[TimeControl "5400+30"]

1. e4 c5 2. Nf3 d6 3. d4 cxd4 4. Nxd4 Nf6 5. Nc3 a6 6. Be3 e5 7. Nb3 Be6 8. h3 Nbd7 9. Qf3 Rc8 10. g4 h6 11. O-O-O Be7 12. Nd5 Bxd5 13. exd5 Nb6 14. h4 Qc7 15. c3 e4 16. Qg3 Nfxd5 17. Bd4 Bf6 18. Bg2 Be5 19. Bxe5 dxe5 20. Bxe4 Nf4 21. Qf3 O-O 22. Bc2 Qc6 23. Qxc6 Rxc6 24. Na5 Rc7 25. Rhe1 f6 26. Be4 Rb8 27. Rd6 Nd7 28. Bf5 Nc5 29. Red1 Kf8 30. Rd8+ Rxd8 31. Rxd8+ Ke7 32. Rg8 Kf7 33. Rc8 Rxc8 34. Bxc8 b6 35. Nc4 b5 36. Ne3 Ke7 37. g5 fxg5 38. hxg5 h5 39. b4 Kd8 40. Bf5 Ncd3+ 41. Bxd3 Nxd3+ 42. Kc2 Nf4 43. Nf5 g6 44. Nh4 Ke7 45. c4 bxc4 46. Kc3 Kd6 47. Kxc4 Nh3 48. Nxg6 Nxg5 49. Nh4 Kc6 50. a4 Ne4 51. b5+ axb5+ 52. axb5+ Kb6 53. Kd5 1/2-1/2

[Event "1st SOA-GM Festival 2024"]
[Site "Bhubaneswar"]
[Date "2024.02.04"]
[Round "10.15"]
[White "Gonzales, Jayson"]
[Black "Nilssen, Ellen Fredericia"]
[Result "1-0"]
[ECO "E04"]
[WhiteElo "2367"]
[BlackElo "2184"]
[Annotator "RC"]
[PlyCount "143"]
[EventDate "2024.02.01"]
[EventType "swiss"]
[EventCountry "IND"]
[SourceTitle "playchess.com"]
[Source "ChessBase"]
[SourceQuality "1"]
[TimeControl "5400+30"]

1. d4 d5 2. Nf3 e6 3. g3 Nf6 4. Bg2 c5 5. O-O Nc6 6. c4 dxc4 7. Qa4 Bd7 8. dxc5 Na5 9. Qc2 Bxc5 10. Ne5 Qc7 11. Bf4 Bd6 12. Nxd7 Nxd7 13. Bxd6 Qxd6 14. Rd1 Qc7 15. Rf1 Qd6 16. Rd1 Qc7 17. b4 Nc6 18. Qxc4 Rc8 19. Nc3 Nb6 20. Qh4 O-O 21. Nb5 Qb8 22. Nd6 Rcd8 23. Nxb7 Rxd1+ 24. Rxd1 Qxb7 25. b5 Nd5 26. bxc6 Qxc6 27. Bxd5 exd5 28. Qd4 Qc4 29. Rd2 Rc8 30. Qxd5 Qxd5 31. Rxd5 Kf8 32. Ra5 Rc7 33. Kg2 Ke7 34. Kf3 Kd6 35. Ke3 Kc6 36. Kd2 Kb6 37. Rd5 Kc6 38. Rd3 Rb7 39. Kc2 Rb5 40. Rf3 f6 41. Ra3 Rb7 42. Rc3+ Kd5 43. Rc8 Re7 44. Rd8+ Kc4 45. e3 Kb4 46. Kb2 Rb7 47. Rd4+ Kb5 48. Kc3 Kc6 49. Rc4+ Kd5 50. e4+ Kd6 51. f4 Rb5 52. Rd4+ Kc6 53. Rb4 Ra5 54. Kb3 g5 55. Rb8 Kd6 56. Rd8+ Ke6 57. Ra8 Kd6 58. a4 gxf4 59. gxf4 Rh5 60. Rxa7 Rxh2 61. Ra6+ Kc5 62. Rxf6 Rh3+ 63. Kb2 Rh2+ 64. Kb3 Rh3+ 65. Kc2 Ra3 66. e5 Rxa4 67. Kd3 h5 68. Ke3 h4 69. Kf3 Ra7 70. Rh6 Kd5 71. Rxh4 Ke6 72. Rh6+ 1-0

[Event "1st SOA-GM Festival 2024"]
[Site "Bhubaneswar"]
[Date "2024.02.04"]
[Round "10.17"]
[White "Arpan Das"]
[Black "Roy Chowdhury, Saptarshi"]
[Result "0-1"]
[ECO "A55"]
[WhiteElo "2367"]
[BlackElo "2233"]
[Annotator "RC"]
[PlyCount "80"]
[EventDate "2024.02.01"]
[EventType "swiss"]
[EventCountry "IND"]
[SourceTitle "playchess.com"]
[Source "ChessBase"]
[SourceQuality "1"]
[TimeControl "5400+30"]

1. d4 Nf6 2. c4 d6 3. Nc3 Nbd7 4. Nf3 e5 5. g3 Be7 6. Bg2 O-O 7. O-O c6 8. e4 Re8 9. h3 Bf8 10. Be3 Qc7 11. Rc1 exd4 12. Nxd4 Nc5 13. Qc2 a5 14. b3 g6 15. Rfe1 Bd7 16. a3 Rad8 17. Rcd1 Bc8 18. Bg5 Bg7 19. f4 Rd7 20. f5 h6 21. Bc1 g5 22. Kh2 Rde7 23. b4 axb4 24. axb4 Na6 25. Ba3 Nd7 26. Ndb5 cxb5 27. Nxb5 Qb8 28. Nxd6 Be5 29. c5 Nc7 30. b5 Nxb5 31. Nxb5 Bxg3+ 32. Kh1 Bxe1 33. Rxe1 Qg3 34. Qc1 Ne5 35. Re3 Qf4 36. Nc3 Rd8 37. Qg1 Nc4 38. Rf3 Qh4 39. Bc1 Ne5 40. Rf1 Rd3 0-1

[Event "1st SOA-GM Festival 2024"]
[Site "Bhubaneswar"]
[Date "2024.02.04"]
[Round "10.18"]
[White "Dere Pushkar"]
[Black "Kumar, Gaurav"]
[Result "0-1"]
[ECO "C47"]
[WhiteElo "2191"]
[BlackElo "1995"]
[Annotator "RC"]
[PlyCount "94"]
[EventDate "2024.02.01"]
[EventType "swiss"]
[EventCountry "IND"]
[SourceTitle "playchess.com"]
[Source "ChessBase"]
[SourceQuality "1"]
[TimeControl "5400+30"]

1. e4 e5 2. Nc3 Nf6 3. Nf3 Nc6 4. d4 exd4 5. Nxd4 Bb4 6. Nxc6 bxc6 7. Bd3 O-O 8. O-O d5 9. Bd2 Bxc3 10. Bxc3 Nxe4 11. Bxe4 dxe4 12. Qe2 Bf5 13. Qe3 Qe7 14. Rad1 Rfe8 15. Rd4 a6 16. Re1 Bg6 17. Rc4 Qd6 18. Rd4 Qe7 19. Rc4 Qd6 20. Rd4 Qe6 21. b3 Qe7 22. Rc4 Qd6 23. Bb4 Qd7 24. Rd4 Qf5 25. Red1 Bh5 26. R1d2 Bf3 27. Kf1 c5 28. Rd5 Bxg2+ 29. Kg1 Qe6 30. Bc3 Bf3 31. Rg5 Bg2 32. Rgd5 Bf3 33. Rg5 f6 34. Rg3 Qf5 35. Qh6 g6 36. Ba5 Re7 37. Bc3 Rd7 38. Rh3 Rad8 39. Kf1 e3 40. Rd3 Be2+ 41. Kxe2 Qxf2+ 42. Kd1 Qf1+ 43. Be1 Rxd3+ 44. cxd3 Rxd3+ 45. Kc1 Qxe1+ 46. Kb2 Qc3+ 47. Ka3 Qa5+ 0-1

[Event "1st SOA-GM Festival 2024"]
[Site "Bhubaneswar"]
[Date "2024.02.04"]
[Round "10.19"]
[White "Mohota, Nisha"]
[Black "Daaevik Wadhawan"]
[Result "1/2-1/2"]
[ECO "E90"]
[WhiteElo "2136"]
[BlackElo "1997"]
[Annotator "RC"]
[PlyCount "119"]
[EventDate "2024.02.01"]
[EventType "swiss"]
[EventCountry "IND"]
[SourceTitle "playchess.com"]
[Source "ChessBase"]
[SourceQuality "1"]
[TimeControl "5400+30"]

1. d4 Nf6 2. c4 g6 3. Nc3 Bg7 4. e4 d6 5. Nf3 O-O 6. Be2 c5 7. d5 e6 8. h3 exd5 9. exd5 Bf5 10. Qb3 Na6 11. g4 Be4 12. Be3 Bf5 13. Bc1 Be4 14. Be3 Re8 15. Nxe4 Nxe4 16. a3 Qb6 17. Qxb6 axb6 18. Rb1 Nc7 19. Bd3 b5 20. Bxe4 Rxe4 21. Nd2 Ree8 22. O-O bxc4 23. Nxc4 Ra6 24. a4 Nxd5 25. Rbd1 Nc7 26. Rb1 Nd5 27. Rbd1 Nxe3 28. fxe3 Rd8 29. b3 d5 30. Rd3 Re6 31. Rfd1 d4 32. exd4 Bxd4+ 33. Kh1 Rde8 34. R3d2 Kg7 35. Kg2 f5 36. g5 h6 37. gxh6+ Kxh6 38. Kf3 Re1 39. b4 Bc3 40. Rxe1 Rxe1 41. Rd7 cxb4 42. Rxb7 Ra1 43. Rd7 Re1 44. Rb7 Ra1 45. Rd7 Re1 46. Rb7 Ra1 47. a5 Ra4 48. Ke3 Kg5 49. Kd3 Kf4 50. h4 Ra1 51. Rb6 g5 52. hxg5 Kxg5 53. a6 Kg4 54. Ne3+ Kg5 55. Rb5 Rxa6 56. Rxf5+ Kg6 57. Rb5 Rd6+ 58. Nd5 Be1 59. Kc4 Rc6+ 60. Kb3 1/2-1/2

[Event "1st SOA-GM Festival 2024"]
[Site "Bhubaneswar"]
[Date "2024.02.04"]
[Round "10.20"]
[White "Roneet Das"]
[Black "Fedorov, Alexei"]
[Result "0-1"]
[ECO "A45"]
[WhiteElo "2018"]
[BlackElo "2443"]
[Annotator "RC"]
[PlyCount "66"]
[EventDate "2024.02.01"]
[EventType "swiss"]
[EventCountry "IND"]
[SourceTitle "playchess.com"]
[Source "ChessBase"]
[SourceQuality "1"]
[TimeControl "5400+30"]

1. d4 Nf6 2. Bf4 g6 3. Nc3 d5 4. e3 Bg7 5. h4 c6 6. Be2 h5 7. f3 b5 8. Nh3 Bxh3 9. Rxh3 Nbd7 10. Qd2 O-O 11. O-O-O b4 12. Nb1 Qb6 13. Qd3 a5 14. e4 dxe4 15. fxe4 c5 16. d5 Ng4 17. Rf1 c4 18. Qxc4 Rfc8 19. Qb5 Qd4 20. c3 Nde5 21. Bxg4 hxg4 22. Re3 bxc3 23. bxc3 Qa7 24. Nd2 Rab8 25. Qe2 Qd4 26. Nb1 Rb7 27. Nd2 Qa7 28. Nb1 Qd4 29. Rd1 Qc5 30. Qf2 Rcb8 31. Qc2 Nc4 32. Re2 Rxb1+ 33. Qxb1 Qa3+ 0-1